 Dungeon Crawl Stone Soup version 0.16.1-51-g6203257 (webtiles) character file.

49 Jakon the Covered (level 3, -2/33 HPs)
             Began as a Minotaur Fighter on July 24, 2015.
             Slain by a sky beast (6 damage)
             ... on level 4 of the Dungeon.
             The game lasted 00:07:59 (2217 turns).

Jakon the Covered (Minotaur Fighter)                Turns: 2217, Time: 00:07:59

Health: -2/33      AC:  8    Str: 20    XL:     3   Next: 51%
Magic:  2/2        EV:  8    Int:  7    God:
Gold:   86         SH:  9    Dex: 10    Spells: 0 memorised, 2 levels left

rFire  x . .     SeeInvis .     a - +0 war axe
rCold  + + .     Clarity  .     o - +1 ring mail {rC+}
rNeg   . . .     SustAb   .     c - +0 shield
rPois  .         Gourm    .     (helmet restricted)
rElec  .         Spirit   .     n - +0 cloak
rCorr  .         Warding  .     (no gloves)
rMut   .         Stasis   .     (no boots)
MR     .....                    m - amulet of rage
Stlth  ..........               v - ring of ice
                                x - +2 ring of intelligence

@: not resistant to hostile enchantments, extremely unstealthy
A: retaliatory headbutt, horns 2
a: Evoke Berserk Rage


You were on level 4 of the Dungeon.
You were hungry.

You visited 1 branch of the dungeon, and saw 4 of its levels.

You collected 86 gold pieces.

Inventory:

Hand weapons
 a - a +0 war axe (weapon)
Missiles
 p - 8 javelins (quivered)
Armour
 c - a +0 shield (worn)
 n - a +0 cloak (worn)
 o - a +1 ring mail of cold resistance (worn)
Jewellery
 m - an amulet of rage (around neck)
 v - a ring of ice (right hand)
 x - a +2 ring of intelligence (left hand)
Magical devices
 D - a wand of disintegration (16)
 E - a wand of disintegration (3)
Scrolls
 g - a scroll of teleportation {unknown}
 h - 4 scrolls of identify
 j - a scroll of remove curse {unknown}
 k - a scroll of enchant armour {unknown}
 l - a scroll of recharging {unknown}
 q - a scroll of immolation {unknown}
 y - a scroll of magic mapping {unknown}
Potions
 b - a potion of poison {unknown}
 e - 2 potions of might
 i - a potion of cancellation
 r - a potion of agility {unknown}
 s - a potion of restore abilities {unknown}
 t - a potion of cure mutation {unknown}
 u - a potion of brilliance {unknown}
 w - 2 potions of heal wounds {unknown}
 z - a potion of resistance {unknown}
 B - a potion of haste {unknown}
 C - a potion of berserk rage {unknown}
Comestibles
 d - 3 bread rations
 f - 2 slices of pizza
 A - a fruit
 F - a beef jerky


   Skills:
 + Level 4.0 Fighting
 + Level 3.2 Axes
 + Level 4.4 Armour
 + Level 3.9 Shields


You had 2 spell levels left.
You didn't know any spells.

Dungeon Overview and Level Annotations

Branches:
Dungeon (4/15)
 Temple: D:4-7

Altars:


Innate Abilities, Weirdness & Mutations

You reflexively headbutt those who attack you in melee.
You have a pair of horns on your head.


Message History

Something hits you but does no damage. x2
You closely miss something. Your headbutt misses something. Something hits you.
Something shocks you.
You closely miss something. Your headbutt misses something. Something hits you.
Something shocks you.
No target in view!
No target in view!
No target in view!
No target in view!
No target in view!
No target in view!
No target in view!
Something hits you but does no damage. Something hits you.
Something shocks you.
* * * LOW HITPOINT WARNING * * *
Drink which item? (? for menu, Esc to quit)
It was a potion of cancellation.
You feel magically purged. Something hits you.
* * * LOW HITPOINT WARNING * * *
Something shocks you.
You die...

# ##.....#
....#####......#
...............##
###.......##....#
####....###...##
##...###....#
##...##....##
#...##.....##
##.@.#........
#............
##........###
#......###
#.....## ##....#
.....# ......
........


There were no monsters in sight!

Vanquished Creatures
  A worm (D:3)
  A giant gecko (D:4)
  An ooze (D:1)
  5 giant cockroaches
  8 hobgoblins
  A ball python (D:2)
  8 bats
  7 goblins
  6 kobolds
  8 rats
46 creatures vanquished.

Notes
Turn   | Place    | Note
--------------------------------------------------------------
     0 | D:1      | Jakon, the Minotaur Fighter, began the quest for the Orb.
     0 | D:1      | Reached XP level 1. HP: 19/19 MP: 1/1
   344 | D:1      | Reached skill level 4 in Armour
   377 | D:1      | Reached XP level 2. HP: 21/27 MP: 1/1
  1029 | D:2      | Reached XP level 3. HP: 33/33 MP: 2/2
  2202 | D:4      | Noticed a sky beast
  2217 | D:4      | Slain by a sky beast

Action                   || total
-------------------------++-------
Melee: War axe           ||   141
  Use: Scroll            ||     3
       Potion            ||     1
  Eat: Fruit             ||     2
       Chunk             ||     2
